 Dungeon Crawl Stone Soup version 0.30-a0-760-g5a9884bb7c (webtiles) character file.

Game seed: 5222898338755384577

63 Leeroy the Slasher (level 4, -7/23 HPs)
             Began as a Vine Stalker Warper on Feb 11, 2023.
             Was an Initiate of Wu Jian.
             Mangled by a kobold
             ... wielding a +2 short sword of electrocution
              (16 damage)
             ... on level 3 of the Dungeon.
             The game lasted 00:03:35 (2175 turns).

Leeroy the Slasher (Vine Stalker Warper)            Turns: 2175, Time: 00:03:35

Health: -7/23      AC:  8    Str: 19    XL:     4   Next: 9%
Magic:  0/8        EV: 12    Int: 13    God:    Wu Jian [......]
Gold:   83         SH:  0    Dex: 16    Spells: 2/7 levels left

rFire   + . .      SeeInvis .    n - +0 dagger (elec)
rCold   . . .      Faith    .    (no shield)
rNeg    . . .      Spirit   +    u - +2 leather armour {rF+}
rPois   .          Reflect  .    v - +1 helmet
rElec   .          Harm     .    (no cloak)
rCorr   .          Rampage  .    (no gloves)
Will    .....                    x - +0 pair of boots
Stlth   +                        s - amulet of magic regeneration
HPRegen 1.03/turn                l - +6 ring of strength
MPRegen 0.51/turn                (no ring)

@: no status effects
A: fangs 2, regeneration 1, magic shield, antimagic bite, no potion heal 2
a: Renounce Religion


You were on level 3 of the Dungeon.
You worshipped Wu Jian.
Wu Jian was noncommittal.
You visited 1 branch of the dungeon, and saw 3 of its levels.

You collected 83 gold pieces.

Inventory:

Hand Weapons
 a - a +0 falchion
 n - a +0 dagger of electrocution (weapon)
Missiles
 d - 7 boomerangs of dispersal (quivered)
 f - 5 poisoned darts
Armour
 b - a +0 leather armour
 r - a +0 helmet
 u - a +2 leather armour of fire resistance (worn)
 v - a +1 helmet (worn)
 x - a +0 pair of boots (worn)
Jewellery
 j - an amulet of reflection
 l - a +6 ring of strength (left hand)
 s - an amulet of magic regeneration (around neck)
Scrolls
 c - a scroll of blinking
 g - a scroll of fear
 i - a scroll of silence {unknown}
 k - a scroll of enchant weapon {unknown}
 p - a scroll of immolation {unknown}
 t - a scroll of identify {unknown}
 y - a scroll of fog {unknown}
Potions
 e - 2 potions of mutation {unknown}
 h - a potion of degeneration {unknown}
 m - a potion of magic {unknown}
 o - a potion of heal wounds {unknown}
 q - a potion of might {unknown}
 w - a potion of flight {unknown}
 z - a potion of attraction {unknown}
 A - a potion of lignification {unknown}


   Skills:
 - Level 1.7 Fighting
 + Level 3.9 Long Blades
 - Level 0.8 Throwing
 - Level 0.7 Armour
 - Level 1.5 Dodging
 - Level 2.1 Spellcasting
 - Level 3.0 Translocations


You had 2 spell levels left.
You knew the following spells:

 Your Spells              Type           Power      Damage    Failure   Level
a - Blink                 Tloc           18%        N/A       13%         2
b - Vhi's Electric Charg  Tloc/Air       10%        N/A       43%         3

Your spell library contained the following spells:

 Spells                   Type           Power      Damage    Failure   Level
 Lesser Beckoning         Tloc           18%        N/A       13%         2
 Momentum Strike          Conj/Tloc      10%        3d8       24%         2
 Cigotuvi's Dreadful Rot  Necr/Pois/Air  2%         N/A       41%         2
 Poisonous Vapours        Pois/Air       2%         N/A       41%         2
 Gell's Gravitas          Tloc           9%         N/A       26%         3
 Teleport Other           Tloc           9%         N/A       26%         3
 Dazzling Flash           Conj/Hex       2%         N/A       65%         3
 Mephitic Cloud           Conj/Pois/Air  1%         N/A       65%         3
 Manifold Assault         Tloc           9%         N/A       65%         4
 Agony                    Necr           1%         N/A       100%        5
 Silence                  Hex/Air        0%         N/A       100%        5


Dungeon Overview and Level Annotations

Branches:
Dungeon (3/15)

Altars:
Wu Jian

Shops:
D:2 (


Innate Abilities, Weirdness & Mutations

You have extremely sharp teeth.
Your natural rate of healing is unusually fast.
When hurt, damage is shared between your health and your magic reserves.
Your bite disrupts and absorbs the magic of your enemies.
Potions cannot restore your health.


Message History

The goblin is moderately wounded.
The goblin hits you but does no damage.
You hit the goblin.
You kill the goblin!
The Council accepts your kill.
Found a blue potion.
You see here a +0 dagger.
You closely miss the orc. The orc hits you with a +0 short sword.
You hit the orc but do no damage. Lightning courses through the orc!
You kill the orc!
The Council accepts your kill.
y - a scroll labelled BOSITE WIGRUOL You hear the slow rusting of a very distant drain.
A bat comes into view.
A bat is nearby!
Found a stone staircase leading down.
You catch the helpless bat completely off-guard!
You puncture the bat! Lightning courses through the bat!
You kill the bat!
The Council accepts your kill.
No target in view!
No target in view!
No target in view!
No target in view!
A - a blue potion A kobold comes into view.
It is wielding a +2 short sword of electrocution.
A kobold is nearby!
The kobold shouts!
You hit the kobold but do no damage. Your bite misses the kobold.
The kobold hits you but does no damage.
You are electrocuted!!
Ouch! That really hurt!
You are too injured to fight recklessly!
You are too injured to fight recklessly!
You are too injured to fight recklessly!
You are too injured to fight recklessly!
You are too injured to fight recklessly!
You completely miss the kobold. Your bite misses the kobold.
The kobold hits you but does no damage.
You are electrocuted!!
Ouch! That really hurt!
You die...

.#........#..........
.#..................
...................
..........>......#
..........#......#######
........................
.)).†...................
...........#####........
...........##...@.......
...........##...K.......
...........##.......$...
...........#####........
...........# #########
...........#
.########### .# .#


You could see a kobold.

Vanquished Creatures
  An adder (D:2)
  2 dart slugs (D:1)
  An orc (D:3)
  An endoplasm (D:1)
  A giant cockroach (D:2)
  6 goblins
  5 hobgoblins
  6 jackals (D:1)
  6 kobolds
  4 quokkas
  4 ball pythons
  4 bats
  A frilled lizard (D:1)
  2 rats (D:2)
44 creatures vanquished.

Notes
Turn   | Place    | Note
-------+----------+-------------------------------------------
     0 | D:1      | Leeroy the Vine Stalker Warper began the quest for the Orb.
     0 | D:1      | Reached XP level 1. HP: 11/11 MP: 4/4
   209 | D:1      | Reached XP level 2. HP: 9/15 MP: 4/6
   596 | D:1      | Reached XP level 3. HP: 4/18 MP: 7/7
   686 | D:1      | Learned a level 2 spell: Blink
   699 | D:1      | Learned a level 3 spell: Vhi's Electric Charge
  1662 | D:2      | Found an ornate altar of the Wu Jian Council.
  1685 | D:2      | Became a worshipper of the Wu Jian Council
  1891 | D:2      | Found Itwe's Weapon Shop.
  2096 | D:3      | Gained mutation: Your natural rate of healing is unusually
                  | fast. [Vine Stalker growth]
  2096 | D:3      | Reached XP level 4. HP: 20/23 MP: 8/8
  2175 | D:3      | Mangled by a kobold

Illustrated notes

Levels and vault maps discovered:
D:1:      dpeg_arrival_concentric_ovals, layout_loops_corners,
          chequers_big_river, minmay_octomino_e4
D:2:      wander_river, layout_basic, basic_altar, serial_shops,
          nicolae_shop_bloodbath_and_beyond
D:3:      layout_basic, chequers_ecumenical_altar_simple, portal_sewer_entry_c

Skill      XL: |  1  2 |
---------------+-------+-----
Long Blades    | 2 3 |  3.9
Fighting       | |  1.7
Throwing       | |  0.8
Armour         | |  0.7
Dodging        | |  1.5
Spellcasting   | |  2.1
Translocations | |  3.0

Action                     |  1- 3 |  4- 6 || total
---------------------------+-------+-------++-------
  Melee: Falchion          |    76 |       ||    76
         Bite              |    30 |       ||    30
         Dagger            |    29 |     8 ||    37
         Punch             |     1 |       ||     1
Ability: Lunge             |     2 |       ||     2
    Use: Scroll            |     1 |       ||     1
   Stab: Sleeping          |     1 |       ||     1
         Distracted        |       |     1 ||     1
 Armour: Leather armour    |    33 |     3 ||    36
  Dodge: Dodged            |    63 |       ||    63

Table legend: (Time is in decaauts)
 A = Elapsed time spent in this place.
 B = Non-inter-level travel time spent in this place.
 C = Inter-level travel time spent in this place.
 D = Time resting spent in this place.
 E = Time spent auto-exploring this place.
 F = Levels seen in this place.
 G = Mean time per level.
                   A        B        C        D        E       F      G
               +--------+--------+--------+--------+--------+-----+--------+
         Total |   2212 |   2135 |     77 |      0 |   1787 |   3 |  737.3 |
       Dungeon |   2212 |   2135 |     77 |      0 |   1787 |   3 |  737.3 |
               +--------+--------+--------+--------+--------+-----+--------+

Top non-repeatable levels by time:
     D:1: 1274 daAuts
     D:2: 851 daAuts
     D:3: 85 daAuts
